Map: Ruines d’Endion

Players

Labok

  • Race: Terran Terran
  • League: Bronze
  • Spawn Location: 5:00

zidar - Winner!

  • Race: Zerg Zerg
  • League: Gold
  • Spawn Location: 7:00

VOD

Have the link to the VOD?

Description

Time

  • Played on: June 9, 2016, 2:46 p.m.
  • Length: 14:04
Show
View Real Time Build Order
Export as new Build Order

Labok Terran 

Build Orders:  

Get SALT Encoding   

  12  0:10  SCV  
  13  0:33  Supply Depot  
  13  0:35  SCV  
  14  0:45  Supply Depot  
  14  0:47  SCV  
  15  0:50  Refinery  
  15  0:58  Barracks  
  15  0:59  SCV  
  16  1:11  SCV  
  17  1:25  SCV  
  18  1:35  Refinery  
  18  1:37  SCV  
  19  1:49  SCV  
  19  1:53  Marine  
  21  1:59  Factory  
  21  2:11  Marine  
  21  2:12  Barracks  
  22  2:38  Marine  
  23  2:49  Factory Tech Lab, Engineering Bay  
  23  2:56  Marine  
  24  3:06  Marine  
  24  3:08  SCV  
  26  3:14  Marine  
  27  3:20  SCV  
  27  3:27  Starport  
  27  3:32  SCV  
  28  3:40  Command Center  
  28  3:44  SCV  
  29  3:48  Marine  
  29  3:49  Marine  
  31  4:09  Supply Depot, Orbital Command  
  31  4:30  Marine x2, Medivac  
  35  4:38  Siege Tank  
  38  4:48  Marine  
  39  5:00  Medivac  
  39  5:03  SCV  
  42  5:07  Marine  
  42  5:08  Marine  
  44  5:15  SCV  
  45  5:25  Marine  
  45  5:28  Starport  
  46  5:30  Medivac  
  46  5:32  Marine  
  49  5:43  Marine  
  50  5:58  Siege Tank  
  53  6:05  Marine x2  
  55  6:12  Barracks  
  55  6:19  Medivac  
  55  6:23  Marine x2, Terran Infantry Armor Level 1  
  59  6:30  Siege Tank  
  62  6:44  Refinery  
  62  6:58  Supply Depot  
  62  6:59  SCV  
  63  7:04  Marine  
  63  7:05  Marine x2  
  68  7:10  Widow Mine  
  68  7:11  SCV  
  69  7:17  Supply Depot  
  69  7:22  Marine x2  
  69  7:23  Marine, SCV  
  73  7:35  SCV  
  76  7:39  Widow Mine  
  76  7:47  SCV  
  77  8:05  SCV  
  78  8:06  Supply Depot  
  78  8:08  Supply Depot  
  78  8:12  Refinery  
  78  8:17  SCV  
  79  8:29  SCV  
  79  8:31  Sensor Tower  
  79  8:33  Marine  
  79  8:34  Marine x2  
  83  8:45  Siege Tank  
  86  8:51  Marine x2  
  86  8:52  Marine  
  89  9:05  Missile Turret  
  89  9:09  Marine x3  
  94  9:25  Widow Mine  
  94  9:27  Marine x3  
  97  9:39  Supply Depot x2  
  97  9:44  Marine  
  97  9:45  Marine x2  
  100  9:54  Liberator  
  100  9:56  Missile Turret  
  100  10:02  Marine  
  100  10:03  Marine x2  
  100  10:05  Terran Infantry Weapons Level 1  
  108  10:16  Widow Mine, Missile Turret  
  108  10:19  Missile Turret  
  108  10:20  Marine x2  
  108  10:21  Marine, SCV  
  112  10:34  SCV  
  113  10:38  Marine  
  116  10:45  Widow Mine  
  108  11:14  Widow Mine  
  84  11:41  Starport Tech Lab  
  81  11:52  Missile Turret  
  80  12:04  Starport Tech Lab, Orbital Command  
  66  12:19  Viking  
  68  12:49  Viking  
  70  12:52  Marine x3  
  73  13:06  Siege Tank  
  73  13:10  Marine x3  
  79  13:27  Marine  
  79  13:28  Marine x2  
  47  13:45  Marine x2  
  47  13:46  Marine  
Show
View Real Time Build Order
Export as new Build Order

zidar Zerg - Winner!

Build Orders: Hatch First, Muta Ling Bane 

Get SALT Encoding   

  12  0:01  Drone  
  13  0:12  Overlord  
  13  0:17  Drone  
  14  0:21  Extractor  
  14  0:24  Drone  
  15  0:32  Drone  
  15  0:34  Drone  
  17  0:56  Hatchery  
  16  0:59  Drone  
  16  1:04  Extractor  
  16  1:05  Drone  
  17  1:16  Drone  
  18  1:20  Overlord  
  18  1:28  Drone  
  19  1:38  Spawning Pool  
  18  1:45  Drone  
  19  2:02  Drone x2  
  22  2:08  Drone  
  22  2:24  Metabolic Boost  
  22  2:27  Queen  
  22  2:28  Queen  
  26  2:32  Drone x2  
  27  2:42  Drone x2  
  29  2:51  Drone x2  
  31  3:04  Pneumatized Carapace  
  31  3:18  Baneling Nest  
  30  3:20  Zergling x6  
  30  3:21  Zergling x6  
  36  3:46  Lair  
  36  3:50  Overlord x3  
  36  3:57  Hatchery  
  35  4:05  Baneling x2  
  35  4:06  Baneling  
  35  4:10  Drone x6  
  41  4:18  Extractor  
  41  4:21  Extractor  
  41  4:22  Queen  
  41  4:24  Extractor  
  39  4:45  Drone x3  
  42  5:03  Evolution Chamber  
  42  5:06  Evolution Chamber  
  40  5:07  Spire  
  39  5:14  Drone x10  
  49  5:25  Zergling x12  
  55  5:32  Baneling x4  
  55  5:33  Centrifical Hooks  
  55  5:52  Zergling x4  
  55  5:53  Zergling x10  
  55  5:55  Zerg Melee Weapons Level 1  
  62  5:59  Zerg Ground Armor Level 1  
  62  6:02  Baneling x3  
  62  6:12  Queen  
  64  6:24  Baneling x2  
  64  6:30  Drone x2  
  64  6:32  Overlord  
  66  6:33  Overlord x2  
  66  6:51  Drone  
  66  6:52  Drone x12  
  79  6:56  Zerg Flyer Weapons Level 1  
  79  7:25  Zergling x8  
  79  7:26  Zergling x14  
  90  7:30  Overlord x4  
  90  7:34  Baneling  
  90  7:35  Baneling x9  
  90  7:36  Baneling x4  
  90  7:51  Extractor  
  90  7:53  Mutalisk x6  
  90  7:54  Extractor  
  90  7:58  Zerg Melee Weapons Level 2  
  100  8:37  Drone x6  
  106  8:51  Hatchery  
  105  8:57  Zergling x18  
  114  9:04  Baneling x13  
  114  9:05  Baneling x2  
  114  9:07  Zerg Ground Armor Level 2  
  114  9:17  Infestation Pit  
  113  9:46  Overseer  
  113  9:53  Hive  
  113  9:54  Zerg Flyer Weapons Level 2  
  113  10:02  Overlord x4  
  113  10:03  Overlord x3  
  113  10:04  Overlord x2  
  113  10:05  Overlord  
  113  10:53  Hatchery  
  111  11:24  Zergling x2  
  111  11:25  Zergling x34  
  129  11:26  Zergling x2  
  129  11:30  Adrenal Glands  
  130  11:43  Ultralisk Cavern  
  129  12:30  Chitinous Plating  
  129  12:34  Baneling  
  129  12:35  Baneling x12  
  129  12:36  Baneling x7  
  129  12:42  Ultralisk x4  
  129  12:43  Ultralisk x4  
  129  12:44  Ultralisk  
  183  12:45  Zergling x2  
  183  12:46  Zergling x30  
Tags
 
Add a new tag
Caveats
  • Supply blocks, unpowered buildings, or Contaminate may cause inaccurate times.
  • Supply counts are checked every 10 seconds.